 Dungeon Crawl Stone Soup version 0.24.1-14-gf8d2b509d9 (webtiles) character file.

Game seed: 7241919446126304332, levelgen mode: deterministic

137 KlarStein the Slasher (level 5, 37/41 HPs)
             Began as a Demonspawn Berserker on Dec 12, 2020.
             Was a Believer of Trog.
             Quit the game on level 3 of the Dungeon.
             The game lasted 00:05:09 (1418 turns).

KlarStein the Slasher (Demonspawn Berserker)        Turns: 1418, Time: 00:05:09

Health: 37/41      AC:  6    Str: 18    XL:     5   Next: 0%
Magic:  5/5        EV: 10    Int:  8    God:    Trog [**....]
Gold:   61         SH:  4    Dex: 13    Spells: 4/4 levels left

rFire    . . .     SeeInvis .   a - +0 falchion
rCold    . . .     Gourm    .   (no shield)
rNeg     . . .     Faith    .   l - +0 scale mail
rPois    .         Spirit   .   (no helmet)
rElec    .         Reflect  .   (no cloak)
rCorr    .         Harm     .   (no gloves)
MR       .....                  (no boots)
Stlth    ..........             (no amulet)
HPRegen  1.13/turn              (no ring)
MPRegen  0.09/turn              (no ring)

@: no status effects
A: claws 1, large bone plates 1, powered by death 1
a: Berserk, Trog's Hand, Renounce Religion


You were on level 3 of the Dungeon.
You worshipped Trog.
Trog was pleased with you.
You were not hungry.

You visited 1 branch of the dungeon, and saw 3 of its levels.

You collected 61 gold pieces.

Inventory:

Hand Weapons
 a - a +0 falchion (weapon)
Armour
 l - a +0 scale mail (worn)
Jewellery
 f - a +5 ring of dexterity {unknown}
Scrolls
 d - a scroll of teleportation {unknown}
 g - a scroll of blinking {unknown}
 h - 2 scrolls of amnesia {unknown}
 i - a scroll of enchant weapon {unknown}
 m - a scroll of immolation {unknown}
 n - 2 scrolls of identify {unknown}
 p - a scroll of magic mapping {unknown}
Potions
 b - a potion of berserk rage {unknown}
 e - a potion of curing {unknown}
 j - 2 potions of haste {unknown}
 k - a potion of might {unknown}
Comestibles
 c - 6 rations
 o - 2 chunks of flesh


   Skills:
 + Level 3.6 Fighting
 * Level 3.9 Long Blades
 + Level 2.6 Armour
 + Level 2.5 Dodging


You had 4 spell levels left.
You didn't know any spells.
Your spell library was empty.

Dungeon Overview and Level Annotations

Branches:
Dungeon (3/15)

Altars:


Innate Abilities, Weirdness & Mutations

You have sharp fingernails.
You are partially covered in large bone plates. (SH +4)
You regenerate a little health from kills.


Message History

You kill the dart slug!
Trog accepts your kill.
You hit the orc.
The orc is severely wounded.
You block the orc's attack.
You barely miss the orc.
The orc is severely wounded.
The orc closely misses you.
You barely miss the orc.
The orc is severely wounded.
The orc barely misses you.
You hit the orc.
The orc is almost dead.
The orc closely misses you.
You riposte.
You hit the orc.
You kill the orc!
Trog accepts your kill.
You have reached level 5!
Your demonic ancestry asserts itself...
Your fingernails lengthen.
Are you sure you want to abandon this character and quit the game? (Confirm with "yes".)

#....(# #.....#
#.....# .
###...[.# ..
##.......# .#
##..#.....# ..#
........)##..#
#......@...#
#.....>.####
#.......#
#.......#
#.......#
#...<..##
#######......#..#
........######.P#
#######...####..+


There were no monsters in sight!

Vanquished Creatures
  A hound (D:2)
  A worker ant (D:3)
  3 adders
  2 worms (D:2)
  2 dart slugs
  5 leopard geckos
  An orc (D:3)
  A ball python (D:2)
  A giant cockroach (D:2)
  5 goblins
  6 hobgoblins
  3 jackals (D:2)
  3 kobolds (D:1)
  5 bats
  2 frilled lizards
  2 rats
43 creatures vanquished.

Notes
Turn   | Place    | Note
-------+----------+-------------------------------------------
     0 | D:1      | KlarStein the Demonspawn Berserker began the quest for the
                  | Orb.
     0 | D:1      | Reached XP level 1. HP: 18/18 MP: 1/1
   132 | D:1      | Gained mutation: You regenerate a little health from kills.
                  | [demonic ancestry]
   132 | D:1      | Reached XP level 2. HP: 20/24 MP: 2/2
   499 | D:2      | Gained mutation: You are partially covered in large bone
                  | plates. (SH +4) [demonic ancestry]
   499 | D:2      | Reached XP level 3. HP: 14/29 MP: 3/3
   536 | D:2      | Reached ** piety under Trog
  1012 | D:2      | Reached XP level 4. HP: 24/35 MP: 4/4
  1417 | D:3      | Gained mutation: You have sharp fingernails. [demonic
                  | ancestry]
  1417 | D:3      | Reached XP level 5. HP: 37/41 MP: 5/5
  1418 | D:3      | Quit the game

Levels and vault maps discovered:
D:1:      minmay_arrival_four_loops, layout_rooms
D:2:      layout_rooms
D:3:      layout_rooms, chequers_ecumenical_altar_lobes

Skill      XL: |  1  2 |
---------------+-------+-----
Long Blades    | 3 |  3.9
Armour         | 2 |  2.6
Dodging        | 2 |  2.5
Fighting       | |  3.6

Action                   |  1- 3 |  4- 6 || total
-------------------------+-------+-------++-------
Melee: Falchion          |   106 |    41 ||   147
Invok: Berserk           |     2 |     1 ||     3
 Stab: Sleeping          |     1 |       ||     1
  Eat: Chunk             |     2 |     3 ||     5
Armor: Animal skin       |     4 |       ||     4
       Ring mail         |    26 |       ||    26
       Scale mail        |     4 |    11 ||    15
Dodge: Dodged            |    59 |    22 ||    81
Block: Other             |    10 |     7 ||    17
       Rpst.: Falchion   |    20 |     7 ||    27
